 Dungeon Crawl Stone Soup version 0.28.0 (webtiles) character file.

Game seed: 7786017542010919122

1 lonewolfV2 the Skirmisher (level 1, -4/11 HPs)
             Began as a Vine Stalker Fighter on Feb 9, 2022.
             Killed from afar by a dart slug (6 damage)
             ... with a slug dart
             ... on level 1 of the Dungeon.
             The game lasted 00:00:07 (50 turns).

lonewolfV2 the Skirmisher (Vine Stalker Fighter)      Turns: 50, Time: 00:00:09

Health: -4/11      AC:  6    Str: 18    XL:     1   Next: 20%
Magic:  0/2        EV:  9    Int:  8    God:
Gold:   0          SH:  4    Dex: 13    Spells: 0/0 levels left

rFire   . . .      SeeInvis .     - Unarmed
rCold   . . .      Faith    .   b - +0 buckler
rNeg    . . .      Spirit   +   a - +0 scale mail
rPois   .          Reflect  .   (no helmet)
rElec   .          Harm     .   (no cloak)
rCorr   .          Rampage  .   (no gloves)
Will    .....                   (no boots)
Stlth   ..........              (no amulet)
HPRegen 0.03/turn               (no ring)
MPRegen 0.08/turn               (no ring)

@: no status effects
A: fangs 2, magic shield, antimagic bite, no potion heal 2
a: no special abilities


You were on level 1 of the Dungeon.
You visited 1 branch of the dungeon, and saw 1 of its levels.

Inventory:

Armour
 a - a +0 scale mail (worn)
 b - a +0 buckler (worn)
Scrolls
 d - a scroll of holy word {unknown}
Potions
 c - a potion of might


   Skills:
 + Level 2.7 Fighting
 + Level 2.4 Armour
 + Level 2.7 Shields
 + Level 2.0 Unarmed Combat


You couldn't memorise any spells.
You didn't know any spells.
Your spell library was empty.

Dungeon Overview and Level Annotations

Branches:
Dungeon (1/15)

Altars:

Shops:
D:1 (


Innate Abilities, Weirdness & Mutations

You have extremely sharp teeth.
When hurt, damage is shared between your health and your magic reserves.
Your bite disrupts and absorbs the magic of your enemies.
Potions cannot restore your health.


Message History

The quokka barely misses you.
You hit the quokka.
The quokka is almost dead.
The quokka barely misses you. The kobold hits you but does no damage.
You hit the quokka but do no damage. Your bite misses the quokka.
The quokka is almost dead.
The quokka closely misses you. The dart slug launches a dart at you.
The slug dart hits you. The kobold hits you but does no damage.
The quokka bites you but does no damage.
You hit the quokka.
You kill the quokka!
The dart slug launches a dart at you. The slug dart hits you.
The kobold hits you but does no damage.
You closely miss the kobold. Your bite misses the kobold.
The kobold completely misses you.
You hit the kobold but do no damage. The kobold barely misses you.
You hit the kobold but do no damage. Your bite misses the kobold.
The dart slug launches a dart at you. The slug dart misses you.
The kobold hits you with a +0 short sword.
* * * LOW HITPOINT WARNING * * *
You closely miss the kobold. The kobold barely misses you.
The dart slug launches a dart at you.
The slug dart hits you but does no damage.
You hit the kobold.
The kobold is severely wounded.
The kobold hits you but does no damage.
You hit the kobold but do no damage. Your bite misses the kobold.
The kobold is severely wounded.
The dart slug bites you.
* * * LOW HITPOINT WARNING * * *
The kobold hits you but does no damage.
You barely miss the kobold. Your bite misses the kobold.
The kobold is severely wounded.
The kobold completely misses you. The dart slug launches a dart at you.
The slug dart hits you.
Ouch! That really hurt!
You die...

##........ .§§....
#......... ........
#.....>... ........
#.........
........#####
#.........
.......#...###[........
....#.#..##..........
#.#w..#....##.....#.
#K@∩..#.#######.###
#.#...#..# #..#
....#.#...# #..##
.......#...## #.#
###.##.......# .. # #
#######... # ..## .##


You could see a dart slug and a kobold.

Vanquished Creatures
  A quokka (D:1)
1 creature vanquished.

Notes
Turn   | Place    | Note
-------+----------+-------------------------------------------
     0 | D:1      | lonewolfV2 the Vine Stalker Fighter began the quest for the
                  | Orb.
     0 | D:1      | Reached XP level 1. HP: 11/11 MP: 2/2
    29 | D:1      | Found Basoemou's Weapon Emporium.
    50 | D:1      | Killed from afar by a dart slug

Illustrated notes

Levels and vault maps discovered:
D:1:      ldierk_walled_garden_2, layout_rooms, ebering_ecumenical_altar_mist,
          serial_shops, nicolae_diamond_shop

Action                   || total
-------------------------++-------
Melee: Unarmed           ||    10
Armor: Scale mail        ||     7
Dodge: Dodged            ||     9
Block: Buckler           ||     1
